 Dungeon Crawl Stone Soup version 0.31.0-32-g396128a36d (webtiles) character file.

Game seed: 17979845186250108591

28 Peloso the Shield-Bearer (level 2, -1/4 HPs)
             Began as a Minotaur Fighter on Mar 8, 2024.
             Slain by a goblin
             ... wielding a +0 dagger
              (3 damage)
             ... on level 2 of the Dungeon.
             The game lasted 00:01:45 (1073 turns).

Peloso the Shield-Bearer (Minotaur Fighter)         Turns: 1073, Time: 00:01:45

Health: -1/4       AC:  1    Str: 30    XL:     2   Next: 96%
Magic:  1/1        EV:  7    Int:  5    God:
Gold:   30         SH:  0    Dex:  9    Spells: 1/1 levels left

rFire   + + .        a - melded +0 long sword
rCold   x . .        (shield currently unavailable)
rNeg    . . .        b - melded +0 scale mail
rPois   +            (helmet currently unavailable)
rElec   .            (cloak currently unavailable)
rCorr   .            (gloves currently unavailable)
SInv    .            (boots currently unavailable)
Will    .....        (no amulet)
Stlth   +            (no ring)
HPRegen 0.20/turn    (no ring)
MPRegen 0.07/turn

%: no passive effects
@: dragon-form, flying
A: dragon claw, dragon scales, breathe fire, flying, reduced hp, giant, (horns
2), (retaliatory headbutt)
a: Breathe Fire, Begin Untransformation


You were on level 2 of the Dungeon.
You were a fearsome dragon!
You visited 1 branch of the dungeon, and saw 2 of its levels.

You collected 30 gold pieces.

Inventory:

Hand Weapons
 a - a +0 long sword (melded)
Armour
 b - a +0 scale mail (melded)
 d - a +0 buckler
Talismans
 c - a dragon-blood talisman (active)
Scrolls
 e - a scroll of poison
 i - a scroll of teleportation {unknown}
Potions
 f - a potion of might


   Skills:
 + Level 4.0 Fighting
 + Level 2.9 Long Blades
 + Level 4.0 Armour
 + Level 4.1 Shields


You had one spell level left.
You didn't know any spells.
Your spell library was empty.

Dungeon Overview and Level Annotations

Branches:
Dungeon (2/15)

Altars:


Innate Abilities, Weirdness & Mutations

You are a fearsome dragon!
You have a powerful clawing attack.
Your giant scaled body is strong and resilient, but less evasive.
You can breathe fire.
You are flying.
Your maximum health is decreased, since you lack skill for your form.
Your armour is entirely melded.
You are incapable of wielding weapons or throwing items.
((You have a pair of horns on your head.))
((You reflexively headbutt those who attack you in melee.))


Message History

You continue taking off your +0 buckler. x4
You finish taking off your +0 buckler.
You drop a +0 buckler.
You see here a dragon-blood talisman.
c - a dragon-blood talisman You see here a +0 buckler.
d - a +0 buckler You see here a potion of might.
f - a potion of might You begin transforming.
You continue transforming. x3
You turn into a fearsome dragon!
Your +0 long sword melds into your body.
Your +0 scale mail melds into your body.
HP restored.
Unknown command.
Things that are here:
a +0 dagger; a goblin corpse
Things that are here:
a +0 dagger; a goblin corpse You start waiting.
A kobold comes into view. It is wielding a +0 club.
The kobold shouts!
A goblin comes into view. It is wielding a +0 dagger.
You miss the kobold.
The goblin shouts!
The kobold hits you with a +0 club.
Ouch! That really hurt!
You hit the kobold.
You kill the kobold!
There is a stone staircase leading up here.
You fly upwards.
There is a stone staircase leading down here.
You start resting.
HP restored.
You fly downwards.
The goblin closely misses you. The goblin hits you with a +0 dagger.
There is a stone staircase leading up here.
You completely miss the goblin. The goblin hits you with a +0 dagger.
You closely miss the goblin. The goblin hits you with a +0 dagger.
Ouch! That really hurt!
You die...

## #.# #### ##### ..#
####...##...###.#
............g#..#
..........>.D..#####.
........)...)........
..............######.
................#
........#...###.#
....##..##### .#
#.......# # ##.#.##.#
. #. ..#


You could see a goblin.

Vanquished Creatures
  A dart slug (D:1)
  An endoplasm (D:1)
  A goblin (D:2)
  A hobgoblin (D:1)
  6 jackals (D:1)
  3 ball pythons (D:1)
  2 bats (D:1)
  A frilled lizard (D:1)
  8 kobolds
  3 rats
27 creatures vanquished.

Notes
Turn   | Place    | Note
-------+----------+-------------------------------------------
     0 | D:1      | Peloso the Minotaur Fighter began the quest for the Orb.
     0 | D:1      | Reached XP level 1. HP: 19/19 MP: 0/0
    52 | D:1      | Reached XP level 2. HP: 18/27 MP: 1/1
  1073 | D:2      | Slain by a goblin

Illustrated notes

Levels and vault maps discovered:
D:1:      elethiomel_arrival_maze, layout_basic, reono_crystal_passage
D:2:      layout_rooms, serial_shops, shop, kennysheep_generic_room_15

Skill      XL: |  1  2 |
---------------+-------+-----
Shields        | 4 |  4.1
Armour         | 4 |  4.0
Fighting       | 4 |  4.0
Long Blades    | |  2.9

Action                     || total
---------------------------++-------
  Melee: Long sword        ||    43
         Headbutt          ||     4
         Unarmed           ||     4
    Use: Scroll            ||     2
         Potion            ||     2
 Armour: Scale mail        ||    43
         Skin              ||     4
  Dodge: Dodged            ||    52
  Block: Buckler           ||    20
   Form: Dragon            ||     1
